 Dungeon Crawl Stone Soup version 0.32-a0-994-gabb26cbae4 (webtiles) character file.

Game seed: 9261933485209340268

295725 Jannitor the Severer (level 21, -3/170 HPs)
             Began as a Human Chaos Knight on Apr 18, 2024.
             Was a Favourite Plaything of Xom.
             Slain by an Executioner (10 damage)
             ... summoned by a deep elf demonologist
             ... on level 3 of the Elven Halls on Apr 22, 2024.
             The game lasted 01:32:28 (32505 turns).

Jannitor the Severer (Human Chaos Knight)          Turns: 32505, Time: 01:32:29

Health: -3/170     AC: 27    Str: 21    XL:     21   Next: 26%
Magic:  32/32      EV: 16    Int: 13    God:    Xom [.....*]
Gold:   1507       SH: 25    Dex: 18    Spells: 29/34 levels left

rFire   . . .        u - +5 broad axe (elec)
rCold   + + .        i - +6 tower shield {rC+}
rNeg    + + .        z - +0 acid dragon scales
rPois   +            G - +2 helmet
rElec   +            X - +2 cloak of Light {rElec rC+ Regen+ Int-2}
rCorr   +            s - +2 pair of gloves {hurl}
SInv    .            y - +2 pair of boots
Will    +++++        o - amulet of the Four Winds {rN+ Will+++ Clar}
Stlth   +            C - ring "Jeakase" {rF+ Stlth+}
HPRegen 1.28/turn    e - ring "Fochiari" {rPois rN+ rCorr Str+3}
MPRegen 0.23/turn

%: clarity
@: mighty, silenced
A: explore regen, iridescent scales 2, agile 1, strong-willed 1, teleportitis 2,
heat vulnerability 1
}: 1/15 runes: gossamer
a: Renounce Religion


You were on level 3 of the Elven Halls.
You worshipped Xom.
You were Xom's teddy bear.
You visited 6 branches of the dungeon, and saw 31 of its levels.
You also visited: Sewer, Gauntlet, Ice Cave, Volcano and Desolation.

You collected 4576 gold pieces.
You spent 3069 gold pieces at shops.

Inventory:

Hand Weapons
 u - a +5 broad axe of electrocution (weapon)
 J - a +5 morningstar of protection
Missiles
 g - 7 silver javelins
 V - 4 javelins
Armour
 i - a +6 tower shield of cold resistance (worn)
 n - the scarf "Jeumid" {repulsion, Str+3 Dex+3}
   (You acquired it on level 12 of the Dungeon)

   Str+3:     It affects your strength (+3).
   Dex+3:     It affects your dexterity (+3).
 s - a +2 pair of gloves of hurling (worn)
 y - a +2 pair of boots (worn)
 z - +0 acid dragon scales (worn)
 G - a +2 helmet (worn)
 X - the +2 cloak of Light (worn) {rElec rC+ Regen+ Int-2}
   (You found it on level 4 of the Lair of Beasts)

   Int-2:     It affects your intelligence (-2).
   rC+:       It protects you from cold.
   rElec:     It insulates you from electricity.
   Regen+:    It increases your rate of health regeneration.
Jewellery
 e - the ring "Fochiari" (right hand) {rPois rN+ rCorr Str+3}
   (You found it in a Gauntlet)

   [ring of positive energy]

   Str+3:     It affects your strength (+3).
   rPois:     It protects you from poison.
   rN+:       It protects you from negative energy.
   rCorr:     It protects you from acid and corrosion.
 f - a ring of see invisible
 o - the amulet of the Four Winds (around neck) {rN+ Will+++ Clar}
   (You found it in the Desolation of Salt)

   [amulet of nothing]

   rN+:       It protects you from negative energy.
   Will+++:   It greatly increases your willpower.
   Clar:      It protects you from confusion, rage, mesmerisation and fear.
 C - the ring "Jeakase" (left hand) {rF+ Stlth+}
   (You found it in a Gauntlet)

   [ring of protection from fire]

   rF+:       It protects you from fire.
   Stlth+:    It makes you more stealthy.
 N - the amulet "Warhod" {Reflect Regen+ MP+9 SH+5}
   (You found it on level 1 of the Lair of Beasts)

   [amulet of reflection]

   Reflect:   It reflects blocked missile attacks.
   MP+9:      It affects your magic capacity (+9).
   Regen+:    It increases your rate of health regeneration.
   SH+5:      It affects your SH (+5).
 Q - the ring of Egieban {rElec rPois}
   (You took it off an imperial myrmidon in the Desolation of Salt)

   [ring of poison resistance]

   rElec:     It insulates you from electricity.
   rPois:     It protects you from poison.
Wands
 c - a wand of iceblast (13)
 d - a wand of polymorph (47)
 k - a wand of paralysis (26)
 t - a wand of flame (33)
 w - a wand of acid (1)
 L - a wand of mindburst (10)
 U - a wand of digging (5)
Scrolls
 b - 3 scrolls of immolation
 h - 8 scrolls of noise
 j - 4 scrolls of brand weapon
 r - 3 scrolls of poison
 x - 2 scrolls of fog
 A - 3 scrolls of silence
 F - 4 scrolls of amnesia
 K - a scroll of vulnerability
 M - a scroll of blinking
Potions
 a - 4 potions of magic
 l - 5 potions of berserk rage
 m - 3 potions of resistance
 v - 5 potions of cancellation
 B - 3 potions of curing
 E - 3 potions of mutation
 I - 3 potions of attraction
 O - 4 potions of enlightenment
 R - 4 potions of brilliance
 Z - 2 potions of haste
Miscellaneous
 D - a lightning rod (4/4)
 P - a sack of spiders (inert)
 T - a condenser vane
 Y - a phial of floods


   Skills:
 + Level 15.9 Fighting
 * Level 19.6(19.8) Axes
 - Level 4.8(13.7) Maces & Flails
 - Level 12.3 Armour
 - Level 12.0 Dodging
 + Level 14.3 Shields
 + Level 7.4 Spellcasting
 - Level 5.8 Hexes
 - Level 5.8 Summonings
 - Level 15.2 Evocations


You had 29 spell levels left.
You knew the following spells:

 Your Spells              Type           Power      Damage    Failure   Level
a - Summon Mana Viper     Hex/Summ       19%        N/A       77%         5

Your spell library contained the following spells:

 Spells                   Type           Power      Damage    Failure   Level
 Summon Small Mammal      Summ           76%        N/A       4%          1
 Call Imp                 Summ           38%        N/A       7%          2
 Necrotise                Necr           16%        1d4       45%         1
 Cigotuvi's Dreadful Rot  Necr/Alch/Air  8%         N/A       58%         2
 Lesser Beckoning         Tloc           8%         N/A       58%         2
 Maxwell's Portable Pile  Tloc           4%         2d(5-14)  83%         3
 Teleport Other           Tloc           4%         N/A       83%         3
 Vampiric Draining        Necr           4%         2d6       83%         3
 Anguish                  Hex/Necr       6%         N/A       83%         4
 Martyr's Knell           Necr/Summ      12%        N/A       83%         4
 Animate Dead             Necr           4%         N/A       99%         4
 Brom's Barrelling Bould  Conj/Erth      4%         2d3       99%         4
 Ignite Poison            Fire/Alch      4%         N/A       99%         4
 Leda's Liquefaction      Alch/Erth      2%         N/A       99%         4
 Summon Forest            Summ/Tloc      6%         N/A       99%         5
 Yara's Violent Unravell  Hex/Alch       6%         3d5       99%         5
 Arcjolt                  Conj/Air       2%         1d12      100%        5
 Curse of Agony           Necr           4%         N/A       100%        5
 Fireball                 Conj/Fire      2%         3d4       100%        5
 Freezing Cloud           Conj/Ice/Air   2%         6-21      100%        5
 Irradiate                Conj/Alch      2%         3d12      100%        5
 Iskenderun's Battlesphe  Conj           4%         2d6       100%        5
 Lee's Rapid Deconstruct  Erth           2%         3d4*      100%        5
 Conjure Ball Lightning   Conj/Air       2%         3x3d6     100%        6
 Dispersal                Tloc           2%         N/A       100%        6
 Gell's Gavotte           Tloc           2%         2d(12-18) 100%        6
 Permafrost Eruption      Ice/Erth       2%         2x4d2     100%        6
 Summon Cactus Giant      Summ           9%         N/A       100%        6
 Manifold Assault         Tloc           2%         N/A       100%        7
 Orb of Destruction       Conj           2%         9d5       100%        7
 Discord                  Hex            10%        N/A       100%        8
 Disjunction              Tloc           2%         N/A       100%        8
 Fulsome Fusillade        Conj/Alch      2%         (3-5)d4   100%        8
 Infestation              Necr           2%         N/A       100%        8


Dungeon Overview and Level Annotations

Branches:
Dungeon (15/15)            Temple (0/1) D:4            Lair (5/5) D:8
  Swamp (0/4) Lair:2       Spider (4/4) Lair:3        Slime (0/5) Lair:4
    Orc (2/2) D:12            Elf (3/3) Orc:2        Vaults (2/5) D:14
  Crypt (0/3) Vaults:2     Depths (0/4) D:15          Sewer (visited)
  IceCv (visited)         Volcano (visited)         Desolation (visited)
Gauntlet (visited)

Altars:
Dithmenos
Elyvilon
Hepliaklqana
Makhleb
Nemelex Xobeh
Sif Muna
Trog
Vehumet
Wu Jian
Xom
The Shining One
Jiyva

Shops:
D:3 (   D:4 [[=((   Orc:2 [*?((   Elf:1 *   Elf:3 (   Vaults:1 *!=!
Vaults:2 (

Annotations:
D:3 1 runed translucent door, Crazy Yiuf
D:7 2 transporters, P0WERM0DE's ghost, novice CoCK
D:10 Erica
D:15 2 transporters, Romp's ghost, journeyman DrMo
Vaults:2 Margery


Innate Abilities, Weirdness & Mutations

You regain HP and MP as you explore.
You are mostly covered in iridescent scales. (AC +4)
You are agile. (Dex +4, Str/Int -1)
You are strong-willed. (Will+)
You are often teleported next to monsters.
You are vulnerable to heat. (rF-)


Message History

The Executioner barely misses you. x2
The Executioner hits you but does no damage. x2
The ynoxinul gestures.
The Executioner closely misses you. The Executioner barely misses you.
The Executioner hits you.
* * * LOW HITPOINT WARNING * * *
The deep elf death mage hits you but does no damage.
The ghostly deep elf death mage hits you with a +0 long sword.
* * * LOW HITPOINT WARNING * * *
The ghostly deep elf annihilator closely misses you.
Unknown command.
Unknown command.
You slash the deep elf master archer!
The lost soul assumes the form of the deep elf master archer and becomes anchored to this world!
You slice the ghostly deep elf annihilator!!
You slash the Executioner!
You closely miss the ghostly deep elf death mage.
You slash the deep elf death mage! The Executioner misses you.
The Executioner hits you but does no damage.
The Executioner completely misses you. The Executioner hits you!
* * * LOW HITPOINT WARNING * * *
The Executioner hits you but does no damage. x3
The Executioner closely misses you. The Executioner completely misses you.
Unknown command.
Unknown command.
Unknown command.
You feel better.
You feel less invigorated. You block the Executioner's attack. x2
The Executioner hits you but does no damage.
The ghostly deep elf pyromancer is caught in a web!
You block the Executioner's attack. x2
The Executioner hits you but does no damage.
The deep elf death mage beckons forth restless souls!
The deep elf demonologist casts a spell.
The ghostly deep elf death mage hits you but does no damage.
The ghostly deep elf annihilator hits you with a +0 long sword!
* * * LOW HITPOINT WARNING * * *
The ynoxinul gestures.
The Executioner hits you!
You die...
Xom roars with laughter!

∆∆ ∆∆∆∆∆∆∆∆ ∆∆∆∆∆∆∆∆∆∆
∆∆∆∆∆∆∆∆∆∆∆ #+##########
## ###e2e@ee..... ..##
###*53e1eeE.....
⌠...##..55ee.e3.*....
....[...*5eE.1.(.^...
..........5.⌠^.......
..e.....4..[^........
#.$..☼.....###......# #.
#..e........####..####..
..............#.##.#....


You could see a Brimstone Fiend (summoned), 3 deep elf death magi, a ghostly
deep elf death mage (empowered), a ghostly deep elf master archer, a ghostly
deep elf annihilator (empowered), an Executioner (summoned, fast, unsilenced), a
soul eater (summoned, unsilenced), 3 deep elf demonologists, a deep elf high
priest (brilliance aura), an earth elemental, a rust devil (summoned), a ghostly
deep elf pyromancer (empowered, webbed), a tormentor (summoned, unsilenced), a
fire elemental, a ynoxinul (summoned), 3 lost souls and 5 ufetubi.

Vanquished Creatures
  A bone dragon (Vaults:2)
  Zenata (Elf:1)
  A quicksilver dragon (Lair:5)
  A deep elf blademaster (Elf:3)
  Asterion (Vaults:2)
  Kirke (D:12)
  7 emperor scorpions
  2 orc warlords
  A fire giant (Vaults:1)
  3 deep elf elementalists
  3 imperial myrmidons (Desolation)
  2 deep elf sorcerers
  4 vault wardens
  2 ghost moths (Spider:4)
  2 stone giants
  4 ironbound preservers
  5 broodmothers
  2 ironbound thunderhulks
  2 deep elf death magi
  2 deep elf demonologists (Elf:3)
  A war gargoyle (Vaults:1)
  A minotaur (Gauntlet)
  2 halazid warlocks (Desolation)
  A deep elf annihilator (Elf:3)
  2 crystal guardians
  2 yaktaur captains
  Josephine (D:12)
  4 entropy weavers
  5 ragged hierophants (Desolation)
  5 servants of whispers (Desolation)
  8 hydras
  A rakshasa (D:13)
  2 vault guards
  3 jorogumos
  5 ogre magi
  5 great orbs of eyes
  14 peacekeepers
  6 ironbound frosthearts
  11 two-headed ogres
  2 catoblepae
  4 centaur warriors
  18 dancing weapons
  2 boulder beetles
  2 death scarabs (Gauntlet)
  3 radroaches
  11 death yaks
  A deep troll shaman (Lair:5)
  2 hell hogs (Volcano)
  13 deep elf knights
  An orc high priest (Orc:2)
  7 demonic crawlers
  A spectral death yak (Gauntlet)
  A skyshark (Lair:5)
  7 deep elf archers
  4 skeletal warriors (D:15)
  6 pharaoh ants
  2 deep trolls (Vaults:2)
  8 orb spiders
  4 arcanists
  2 bog bodies (Lair:2)
  A glowing orange brain (Vaults:1)
  10 ironbound convokers
  8 lindwurms
  2 phantasmal warriors
  2 thermic dynamos (Elf:1)
  3 necromancers
  3 steelbarb worms
  15 deep elf pyromancers
  20 wolf spiders
  A harpy (shapeshifter) (D:13)
  11 orc knights
  4 deep elf zephyrmancers
  20 ugly things
  6 moths of wrath
  5 cyclopes
  A fire giant zombie (Vaults:2)
  2 orc sorcerers (D:12)
  Maurice (D:12)
  2 manticores
  3 salamanders (Volcano)
  4 guardian serpents (Desolation)
  3 black mambas
  10 elephants
  A kobold blastminer (Orc:1)
  Joseph (D:8)
  A torpor snail (Spider:1)
  A vault sentinel (Vaults:1)
  2 centaur zombies (D:10)
  An ice statue (IceCv)
  2 molten gargoyles
  7 cane toads
  3 gargoyles
  3 large abominations (Elf:1)
  A rime drake (Lair:2)
  An efreet (D:13)
  8 komodo dragons
  7 yaktaurs
  5 kobold demonologists
  A human skeleton (Vaults:2)
  A yaktaur skeleton (Vaults:2)
  3 tengu conjurers
  8 polar bears (IceCv)
  30 jumping spiders
  14 tarantellas
  6 trolls
  A hornet (D:10)
  Prince Ribbit (D:6)
  An ettin zombie (Vaults:2)
  55 saltlings
  11 blink frogs
  Sigmund (D:4)
  23 slime creatures
  7 wraiths
  22 culicivoras
  3 shadows
  2 air elementals (Elf:1)
  52 yaks
  A vampire (D:10)
  3 wyverns
  2 wargs
  A fire bat (Volcano)
  4 water elementals
  3 fire elementals
  2 basilisks
  A yak (shapeshifter) (Elf:2)
  A human (D:8)
  11 vampire mosquitoes
  A steam dragon (shapeshifter) (Lair:1)
  A steam dragon (D:8)
  3 hogs (D:12)
  79 redbacks
  A spectral cane toad (Gauntlet)
  2 acid dragons
  19 water moccasins
  14 orc warriors
  A sky beast (D:7)
  2 laughing skulls (D:14)
  2 ice beasts (D:7)
  31 ogres
  4 black bears
  A human zombie (Vaults:2)
  34 wolves
  5 boggarts (Vaults:1)
  16 centaurs
  A phantom (D:6)
  5 kobold brigands
  2 brain worms (Sewer)
  9 bullfrogs
  2 elf zombies (Elf:1)
  2 earth elementals
  A gnoll sergeant (D:4)
  6 scorpions
  10 wights
  12 killer bees
  3 electric eels
  A gnoll bouda (D:7)
  14 orc priests
  A hound (D:6)
  A jelly (D:5)
  6 iguanas
  A sleepcap (D:4)
  18 orc wizards
  A hell rat (Lair:1)
  A howler monkey zombie (D:10)
  9 adders
  8 gnolls
  A river rat (Sewer)
  A shadow imp (Gauntlet)
  15 white imps
  2 ufetubi (D:5)
  5 ribbon worms
  38 orcs
  7 endoplasms
  13 giant cockroaches
  2 hobgoblins
  9 jackals
  A quokka (D:6)
  8 ball pythons
  5 bats
  8 frilled lizards
  7 goblins
  17 kobolds
  10 rats
1158 creatures vanquished.

Vanquished Creatures (collateral kills)
  Agnes (D:15)
  An orc warlord (Vaults:2)
  A deep elf annihilator (Elf:3)
  2 boulder beetles (D:15)
  A death knight (D:14)
  A deep troll earth mage (Vaults:1)
  An orc high priest (Orc:1)
  A skeletal warrior (D:15)
  A deep troll (Vaults:2)
  3 ugly things (D:15)
  A kobold blastminer (Orc:1)
  A vault sentinel (Vaults:2)
  2 black mambas (Lair:5)
  2 freezing wraiths (D:14)
  5 yaks
  A basilisk (Lair:5)
  An acid dragon (D:5)
  5 orc warriors
  A boggart (Vaults:1)
  An ogre (D:5)
  5 wolves (Lair:5)
  A centaur (D:14)
  An elf zombie (Elf:1)
  3 wights (D:5)
  An electric eel (D:15)
  2 hounds (D:5)
  3 orc priests
  An iguana (D:5)
  3 orc wizards
  9 orcs
  3 kobolds (D:9)
65 creatures vanquished.

Vanquished Creatures (others)
  3 dancing weapons
  A death scarab (Spider:2)
  2 sun moths
  A deep elf pyromancer (Elf:2)
  An unseen horror (D:12)
  2 jumping spiders
  2 water elementals
  A centaur (D:14)
  A kobold brigand (D:12)
  An orc wizard (D:12)
15 creatures vanquished.

Grand Total: 1238 creatures vanquished

Notes
Turn   | Place    | Note
-------+----------+-------------------------------------------
     0 | D:1      | Jannitor the Human Chaos Knight began the quest for the
                  | Orb.
     0 | D:1      | Reached XP level 1. HP: 18/18 MP: 1/1
   212 | D:1      | XOM: potion effect (brilliance)
   221 | D:1      | Reached XP level 2. HP: 22/24 MP: 2/2
   371 | D:1      | XOM: divination: detect creatures
   502 | D:1      | XOM: silly message
   618 | D:1      | Reached XP level 3. HP: 27/29 MP: 3/3
   629 | D:1      | XOM: silly message
   752 | D:1      | XOM: silly message
  1121 | D:2      | Reached XP level 4. HP: 26/35 MP: 4/4
  1136 | D:2      | XOM: noise
  1191 | D:2      | Found a sparkling altar of Nemelex Xobeh.
  1293 | D:2      | XOM: divination: detect creatures
  1509 | D:2      | XOM: cast spell 'Summon Cactus Giant'
  1759 | D:3      | Found a sparkling altar of Nemelex Xobeh.
  1862 | D:3      | Found Sapniohe's Weapon Shoppe.
  2083 | D:3      | Found a runed translucent door.
  2084 | D:3      | Noticed Crazy Yiuf
  2106 | D:3      | XOM: god gift: Trismegistus Codex
  2221 | D:4      | Found Faigaemp's Jewellery Shoppe.
  2225 | D:4      | XOM: summons 1 hostile demon
  2278 | D:4      | XOM: god gift: fuming coppery potion {god gift}
  2288 | D:4      | XOM: enchant monster (good)
  2292 | D:4      | Reached XP level 5. HP: 37/42 MP: 5/5
  2324 | D:4      | XOM: summons friendly ufetubus
  2483 | D:4      | Found a staircase to the Ecumenical Temple.
  2663 | D:4      | XOM: confuse monster(s)
  2676 | D:4      | Reached XP level 6. HP: 30/48 MP: 6/6
  2832 | D:4      | Noticed a water moccasin
  2845 | D:4      | Killed a water moccasin
  2923 | D:4      | Noticed Sigmund
  2958 | D:4      | Killed Sigmund
  2959 | D:4      | Reached XP level 7. HP: 20/55 MP: 7/7
  3097 | D:4      | Found Quxoa's Armour Shoppe.
  3116 | D:4      | XOM: summons 4 hostile demons
  3315 | D:4      | Found Siqoleirr's Antique Armour Boutique.
  3333 | D:4      | Found a hazy altar of Hepliaklqana.
  3359 | D:4      | Found a white marble altar of Elyvilon.
  3359 | D:4      | Found a shadowy altar of Dithmenos.
  3600 | D:4      | XOM: smoke on damage
  3656 | D:4      | Found Gupugg's Weapon Boutique.
  3675 | D:4      | Found Nymot's Antique Weapon Boutique.
  3900 | D:4      | XOM: scenery: 1 doors close
  3951 | D:5      | Entered Level 5 of the Dungeon
  3958 | D:5      | Reached skill level 5 in Fighting
  4091 | D:5      | XOM: silly message
  4103 | D:5      | Reached skill level 1 in Axes
  4141 | D:5      | Reached XP level 8. HP: 59/62 MP: 8/8
  4220 | D:5      | Reached skill level 2 in Axes
  4285 | D:5      | Reached skill level 5 in Armour
  4404 | D:5      | XOM: summons 4 friendly demons
  4404 | D:5      | XOM: butterfly on damage
  4405 | D:5      | XOM: silly message
  4518 | D:5      | XOM: divination: detect items
  4621 | D:6      | Reached skill level 5 in Dodging
  4655 | D:6      | Reached skill level 3 in Axes
  4680 | D:6      | Found a glowing drain.
  4699 | Sewer    | Entered a sewer
  4932 | Sewer    | XOM: stat loss: -1 Int (13/14)
  5089 | D:6      | Noticed Prince Ribbit
  5106 | D:6      | Killed Prince Ribbit
  5107 | D:6      | Reached XP level 9. HP: 35/71 MP: 9/9
  5193 | D:6      | XOM: scenery: summon butterflies
  5244 | D:6      | XOM: god gift: 49 gold pieces
  5247 | D:6      | XOM: silly message
  5319 | D:4      | Bought a polished ring mail for 261 gold pieces
  5319 | D:4      | Identified the +0 ring mail of Elyvilon's Whim {rPois rF++}
                  | (You bought it in a shop on level 4 of the Dungeon)
  5464 | D:6      | Reached skill level 4 in Axes
  5540 | D:6      | XOM: give mutations
  5540 | D:6      | Gained mutation: Armour fits poorly on your strangely
                  | shaped body. [Xom's mischief]
  5540 | D:6      | Gained mutation: You occasionally lose the ability to drink
                  | potions when taking damage. [Xom's mischief]
  5827 | D:7      | Identified the staff "Zycucoq" {*Slow rN+ Int+3 Earth}
  5843 | D:7      | Noticed P0WERM0DE's ghost (novice CoCK)
  5844 | D:7      | Found a transporter.
  5980 | D:8      | XOM: swap monsters
  5984 | D:8      | XOM: polymorph orc warrior -> human
  5990 | D:8      | XOM: summons 3 hostile demons
  5994 | D:8      | Reached skill level 5 in Axes
  5994 | D:8      | XOM: 1-stop teleportation journey
  5995 | D:8      | Noticed Joseph
  6012 | D:8      | Killed Joseph
  6088 | D:7      | Found a transporter.
  6112 | D:7      | XOM: summons 5 hostile demons
  6220 | D:7      | Learned a level 5 spell: Summon Mana Viper
  6246 | D:7      | Found a radiant altar of Vehumet.
  6254 | D:7      | Reached XP level 10. HP: 79/79 MP: 10/10
  6327 | D:7      | XOM: stat loss: -1 Int (12/14)
  6385 | D:7      | Found a shimmering blue altar of Sif Muna.
  6435 | D:7      | XOM: give mutations
  6435 | D:7      | Gained mutation: You have a somewhat thin skeletal
                  | structure. (Dex +2, Stealth+) [Xom's mischief]
  6435 | D:7      | Gained mutation: Your magical capacity is low. (-10% MP)
                  | [Xom's mischief]
  6435 | D:7      | Lost mutation: Your magical capacity is low. (-10% MP)
                  | [Xom's mischief]
  6624 | D:8      | Found an ornate altar of the Wu Jian Council.
  6644 | D:8      | Reached skill level 1 in Spellcasting
  6644 | D:8      | Reached skill level 1 in Hexes
  6644 | D:8      | Reached skill level 1 in Summonings
  6658 | D:8      | Noticed a two-headed ogre
  6660 | D:8      | XOM: god gift: +4 battleaxe of chaos
  6665 | D:8      | XOM: swap monsters
  6668 | D:8      | XOM: confuse monster(s)
  6669 | D:8      | Killed a two-headed ogre
  6676 | D:8      | XOM: enchant monster (bad)
  6719 | D:8      | Reached skill level 6 in Axes
  6767 | D:8      | XOM: god gift: 15 gold pieces
  6806 | D:8      | Found a staircase to the Lair.
  6878 | D:8      | XOM: summons friendly iron imp
  6971 | D:8      | Got the Annotations on Finality
  7284 | D:9      | XOM: divination: magic mapping
  7395 | D:9      | XOM: smoke on damage
  7434 | D:9      | XOM: 1-stop teleportation journey
  7461 | D:9      | XOM: 2-stop teleportation journey
  7581 | D:9      | XOM: summons friendly white imp
  7788 | D:9      | Found a bloodstained altar of Trog.
  7830 | D:9      | XOM: scenery: summon butterflies
  8120 | D:10     | Entered Level 10 of the Dungeon
  8142 | D:10     | Noticed a smoke demon
  8174 | D:10     | XOM: cleaving
  8183 | D:10     | Reached XP level 11. HP: 87/87 MP: 15/15
  8194 | D:10     | XOM: fog
  8474 | D:10     | Noticed Erica
  8572 | D:8      | XOM: give mutation
  8572 | D:8      | Gained mutation: You are agile. (Dex +4, Str/Int -1) [Xom's
                  | grace]
  8589 | Lair:1   | Entered Level 1 of the Lair of Beasts
  8710 | Lair:1   | XOM: swap monsters
  8758 | Lair:1   | XOM: divination: detect creatures
  8778 | Lair:1   | Reached skill level 7 in Axes
  9114 | Lair:1   | XOM: polymorph wolf -> shapeshifter
  9142 | Lair:1   | Identified the amulet "Warhod" {Reflect Regen+ MP+9 SH+5}
  9207 | Lair:1   | Found a burning altar of Makhleb.
  9511 | Lair:1   | XOM: give mutations
  9511 | Lair:1   | Lost mutation: Armour fits poorly on your strangely shaped
                  | body. [Xom's mischief]
  9511 | Lair:1   | Gained mutation: You are very agile. (Dex +8, Str/Int -2)
                  | [Xom's mischief]
  9511 | Lair:1   | Lost mutation: You occasionally lose the ability to drink
                  | potions when taking damage. [Xom's mischief]
  9511 | Lair:1   | Gained mutation: You are vulnerable to heat. (rF-) [Xom's
                  | mischief]
  9598 | Lair:2   | XOM: enchant monster (bad)
  9652 | Lair:2   | XOM: god gift: broad axe {god gift}
  9654 | Lair:2   | Noticed a six-headed hydra
  9830 | D:10     | XOM: enchant monster (good)
  9832 | D:10     | XOM: summons friendly ufetubus
  9891 | D:10     | XOM: potion effect (attraction)
 10157 | D:11     | Noticed a manticore
 10157 | D:11     | Noticed a two-headed ogre
 10174 | D:11     | Noticed a white ugly thing
 10182 | D:11     | Noticed a sun demon
 10195 | D:11     | XOM: cast spell 'Dispersal'
 10206 | D:11     | Reached XP level 12. HP: 88/95 MP: 18/18
 10330 | D:11     | XOM: 2-stop teleportation journey
 10353 | D:11     | XOM: cast spell 'Cause Fear'
 10385 | D:11     | Reached skill level 8 in Axes
 10393 | D:11     | XOM: enchant monster (bad)
 10398 | D:11     | XOM: summons 2 hostile shadow creatures
 10837 | D:12     | XOM: confuse monster(s)
 10888 | D:12     | Found a frozen archway.
 10914 | IceCv    | Entered an ice cave
 10941 | IceCv    | Reached skill level 5 in Hexes
 10941 | IceCv    | Reached skill level 5 in Summonings
 11064 | IceCv    | XOM: enchant monster (bad)
 11068 | IceCv    | XOM: summons 2 friendly demons
 11069 | IceCv    | XOM: enchant monster (good)
 11074 | IceCv    | XOM: enchant monster (good)
 11196 | IceCv    | XOM: destruction
 11209 | IceCv    | XOM: summons friendly iron imp
 11222 | IceCv    | XOM: cast spell 'Summon Horrible Things'
 11227 | IceCv    | Reached skill level 5 in Spellcasting
 11264 | IceCv    | XOM: confuse monster(s)
 11391 | IceCv    | Noticed a death yak
 11391 | IceCv    | Noticed a death yak
 11401 | IceCv    | Noticed a death yak
 11409 | IceCv    | Killed a death yak
 11415 | IceCv    | XOM: cast spell 'Summon Small Mammal'
 11419 | IceCv    | Killed a death yak
 11420 | IceCv    | Reached skill level 9 in Axes
 11432 | IceCv    | Killed a death yak
 11553 | IceCv    | Noticed a death yak
 11573 | IceCv    | Killed a death yak
 11647 | IceCv    | Noticed a death yak
 11647 | IceCv    | Noticed a frost giant
 11647 | IceCv    | Noticed a death yak
 11647 | IceCv    | Noticed a death yak
 11778 | IceCv    | XOM: silly message
 11825 | IceCv    | Identified a scroll of acquirement
 11828 | D:12     | Acquired the scarf "Jeumid" {repulsion, Str+3 Dex+3}
 11903 | D:12     | Reached XP level 13. HP: 103/103 MP: 21/21
 11903 | D:12     | XOM: god gift: potion of haste
 11911 | D:12     | XOM: cleaving
 11912 | D:12     | Noticed Kirke
 11913 | D:12     | Reached skill level 10 in Fighting
 11913 | D:12     | XOM: summons friendly chaos spawn
 11915 | D:12     | Noticed Josephine
 11916 | D:12     | Reached skill level 1 in Shields
 12055 | D:12     | Noticed Maurice
 12058 | D:12     | XOM: enchant monster (good)
 12068 | D:12     | XOM: fog
 12069 | D:12     | XOM: give mutations
 12069 | D:12     | Gained mutation: You are strong-willed. (Will+) [Xom's
                  | grace]
 12069 | D:12     | Gained mutation: You are partially covered in iridescent
                  | scales. (AC +2) [Xom's grace]
 12069 | D:12     | Gained mutation: Your muscles are strong. (Str +4, Int/Dex
                  | -1) [Xom's grace]
 12069 | D:12     | Gained mutation: You are highly strong-willed. (Will++)
                  | [Xom's grace]
 12078 | D:12     | Killed Maurice
 12083 | D:12     | XOM: 3-stop teleportation journey
 12135 | D:12     | XOM: chaos cloud
 12136 | D:12     | XOM: torment (45/103 hp)
 12179 | D:12     | XOM: give mutations
 12179 | D:12     | Gained mutation: You are occasionally teleported next to
                  | monsters. [Xom's mischief]
 12179 | D:12     | Lost mutation: Your muscles are strong. (Str +4, Int/Dex
                  | -1) [Xom's mischief]
 12179 | D:12     | Gained mutation: You are weak. (Str -2) [Xom's mischief]
 12179 | D:12     | Lost mutation: You are weak. (Str -2) [Xom's mischief]
 12217 | D:12     | Found a staircase to the Orcish Mines.
 12235 | D:12     | Reached skill level 10 in Axes
 12248 | D:12     | Killed Josephine
 12411 | D:12     | Killed Kirke
 12411 | D:12     | XOM: noise
 12439 | D:12     | XOM: potion effect (invisibility)
 12444 | D:12     | XOM: potion effect (brilliance)
 12615 | D:12     | Reached skill level 10 in Armour
 12697 | Orc:1    | Entered Level 1 of the Orcish Mines
 12702 | Orc:1    | XOM: potion effect (might)
 12718 | D:12     | XOM: potion effect (heal wounds)
 12754 | Orc:1    | XOM: butterfly on damage
 12783 | D:12     | XOM: silly message
 12907 | Lair:2   | Found a staircase to the Swamp.
 12911 | Lair:2   | XOM: cast spell 'Olgreb's Toxic Radiance'
 12918 | Lair:2   | XOM: divination: detect items
 13019 | Lair:2   | XOM: cloud trail
 13136 | Lair:3   | Found a gate leading to a gauntlet.
 13172 | Lair:3   | Reached XP level 14. HP: 111/111 MP: 22/22
 13216 | Lair:3   | Reached skill level 10 in Dodging
 13224 | Gauntlet | Entered a Gauntlet
 13224 | Gauntlet | Found a transporter.
 13224 | Gauntlet | Found a transporter.
 13224 | Gauntlet | Found a transporter.
 13228 | Gauntlet | Found a transporter.
 13228 | Gauntlet | Found a transporter.
 13230 | Gauntlet | Found a transporter.
 13240 | Gauntlet | Found a transporter.
 13242 | Gauntlet | Found a transporter.
 13244 | Gauntlet | Found a large runed translucent door.
 13245 | Gauntlet | Found a transporter.
 13245 | Gauntlet | Found a large runed translucent door.
 13246 | Gauntlet | Found a large runed translucent door.
 13246 | Gauntlet | Found a large runed translucent door.
 13246 | Gauntlet | Found a runed translucent door.
 13246 | Gauntlet | Found a runed translucent door.
 13247 | Gauntlet | Found a large runed translucent door.
 13247 | Gauntlet | Found a large runed translucent door.
 13247 | Gauntlet | Found a large runed translucent door.
 13247 | Gauntlet | Found a large runed translucent door.
 13248 | Gauntlet | Found a large runed translucent door.
 13248 | Gauntlet | Found a large runed translucent door.
 13249 | Gauntlet | Found a large runed translucent door.
 13249 | Gauntlet | Found a large runed translucent door.
 13250 | Gauntlet | Found a runed translucent gate.
 13250 | Gauntlet | Found a runed translucent gate.
 13250 | Gauntlet | Found a runed translucent gate.
 13252 | Gauntlet | Found a transporter.
 13263 | Gauntlet | Found a large runed translucent door.
 13264 | Gauntlet | Found a large runed translucent door.
 13273 | Gauntlet | Found a large runed translucent door.
 13273 | Gauntlet | Found a large runed translucent door.
 13354 | Gauntlet | Found a transporter.
 13368 | Gauntlet | Found a transporter.
 13519 | Gauntlet | Reached skill level 11 in Axes
 13531 | Gauntlet | Identified the ring "Fochiari" {rPois rN+ rCorr Str+3}
 13537 | Gauntlet | Got the Compilation of Unhallowed Arts and Phantasms
 13606 | Gauntlet | Identified the ring "Jeakase" {rF+ Stlth+}
 13822 | Gauntlet | Identified the ring of Golih {Fly rPois}
 14056 | D:3      | Bought a +5 morningstar of protection for 381 gold pieces
 14229 | Lair:2   | Reached XP level 15. HP: 117/117 MP: 23/23
 14237 | Lair:2   | XOM: cast spell 'Summon Ice Beast'
 14362 | Lair:2   | XOM: potion effect (might)
 14366 | Lair:2   | XOM: divination: detect creatures
 14700 | Lair:3   | XOM: divination: magic mapping
 14794 | Lair:3   | Found a hole to the Spider Nest.
 15154 | Lair:3   | XOM: enchant monster (bad)
 15255 | Lair:3   | XOM: silly message
 15435 | Lair:4   | Found a staircase to the Slime Pits.
 15437 | Lair:4   | Found a viscous altar of Jiyva.
 15452 | Lair:4   | Reached skill level 1 in Evocations
 15475 | Lair:4   | XOM: enchant monster (good)
 15507 | Lair:4   | XOM: 4-stop teleportation journey
 15511 | Lair:4   | Identified the +2 cloak of Light {rElec rC+ Regen+ Int-2}
 15558 | Lair:4   | Found a dark tunnel.
 15573 | Volcano  | Entered a volcano
 15656 | Volcano  | XOM: divination: detect creatures
 15659 | Volcano  | XOM: noise
 15661 | Volcano  | XOM: 1-stop teleportation journey
 15692 | Volcano  | XOM: swap monsters
 15695 | Volcano  | XOM: summons friendly white imp
 15700 | Volcano  | Reached skill level 12 in Axes
 15940 | Lair:4   | XOM: 4-stop teleportation journey
 15941 | Lair:4   | You fall into a shaft and drop 1 floor!
 15941 | Lair:5   | Entered Level 5 of the Lair of Beasts
 15957 | Lair:5   | XOM: scenery: summon butterflies
 15966 | Lair:5   | XOM: swap monsters
 16113 | Lair:5   | XOM: 1-stop teleportation journey
 16183 | Lair:5   | XOM: enchant monster (good)
 16228 | Lair:5   | XOM: potion effect (brilliance)
 16407 | Lair:4   | XOM: cleaving
 16816 | Lair:4   | XOM: give mutations
 16816 | Lair:4   | Lost mutation: You have a somewhat thin skeletal structure.
                  | (Dex +2, Stealth+) [Xom's mischief]
 16816 | Lair:4   | Gained mutation: You are frail. (-10% HP) [Xom's mischief]
 16816 | Lair:4   | Lost mutation: You are very agile. (Dex +8, Str/Int -2)
                  | [Xom's mischief]
 16816 | Lair:4   | Gained mutation: You are very agile. (Dex +8, Str/Int -2)
                  | [Xom's mischief]
 16991 | Lair:5   | XOM: blink monster(s)
 17022 | Lair:5   | XOM: silly message
 17103 | Lair:5   | Identified the +6 spear "Beucyluh" {freeze, rElec rPois
                  | SInv}
 17441 | Lair:5   | a catoblepas changed into a quicksilver dragon
 17441 | Lair:5   | Noticed a quicksilver dragon
 17441 | Lair:5   | XOM: polymorph catoblepas -> quicksilver dragon
 17445 | Lair:5   | Killed a quicksilver dragon
 17446 | Lair:5   | Reached skill level 5 in Evocations
 17845 | Orc:1    | Reached XP level 16. HP: 114/114 MP: 24/24
 17855 | Orc:1    | Reached skill level 13 in Axes
 17992 | Orc:1    | Found Nettyi's CLEARANCE SALE!.
 17995 | Orc:1    | Bought 4 javelins for 36 gold pieces
 17995 | Orc:1    | Bought a scroll of teleportation for 9 gold pieces
 17995 | Orc:1    | Bought a potion of attraction for 9 gold pieces
 17995 | Orc:1    | Bought a scroll of fog for 12 gold pieces
 17995 | Orc:1    | Bought a scroll of silence for 28 gold pieces
 18065 | Orc:1    | XOM: divination: detect items
 18167 | Orc:2    | Entered Level 2 of the Orcish Mines
 18317 | Orc:2    | XOM: cloud trail
 18337 | Orc:2    | Found a staircase to the Elven Halls.
 18452 | Orc:2    | Found Emoupaor's Magic Scroll Shop.
 18452 | Orc:2    | Found Tibadd's General Store.
 18457 | Orc:2    | XOM: cast spell 'Olgreb's Toxic Radiance'
 18459 | Orc:2    | Found Botonn's Weapon Shoppe.
 18459 | Orc:2    | Found Pealud's Weapon Shop.
 18465 | Orc:2    | XOM: potion effect (invisibility)
 18472 | Orc:2    | XOM: fake destruction
 18500 | Orc:2    | Bought a scroll of acquirement for 780 gold pieces
 18500 | Orc:2    | Bought a scroll of enchant armour for 112 gold pieces
 18500 | Orc:2    | Bought a scroll of poison for 60 gold pieces
 18500 | Orc:2    | Bought a scroll of teleportation for 45 gold pieces
 18500 | Orc:2    | Bought a scroll of teleportation for 45 gold pieces
 18512 | Orc:2    | XOM: 1-stop teleportation journey
 18522 | Orc:2    | XOM: scenery: create altars
 18626 | Orc:2    | Found Qejic's Antique Armour Shop.
 18632 | Orc:2    | Bought a pair of glowing boots for 210 gold pieces
 18668 | Orc:2    | XOM: cloud trail
 18690 | Orc:2    | Upgraded the game from 0.32-a0-968-g61e5eb5241 to
                  | 0.32-a0-975-g85d4e5bfdb
 18963 | D:13     | XOM: stealth player
 19069 | D:13     | Found a glowing golden altar of the Shining One.
 19261 | D:13     | XOM: confuse monster(s)
 19267 | D:13     | XOM: torment (58/114 hp)
 19350 | D:13     | XOM: scenery: create altars
 19396 | D:13     | Upgraded the game from 0.32-a0-975-g85d4e5bfdb to
                  | 0.32-a0-976-g7161d331b1
 19552 | D:14     | XOM: stealth player
 19638 | D:14     | Reached skill level 10 in Shields
 19693 | D:14     | XOM: enchant monster (good)
 19739 | D:14     | XOM: god gift: 29 gold pieces
 19817 | D:14     | Found a gate to the Vaults.
 19919 | D:14     | Reached skill level 14 in Axes
 20158 | D:14     | XOM: scenery: 1 doors close
 20355 | D:15     | Entered Level 15 of the Dungeon
 20372 | D:15     | Found a staircase to the Depths.
 20399 | D:15     | Found a transporter.
 20407 | D:15     | XOM: polymorph cyan ugly thing -> purple ugly thing
 20418 | D:15     | XOM: enchant monster (good)
 20429 | D:15     | Noticed Romp's ghost (journeyman DrMo)
 20517 | D:15     | XOM: divine lightning
 20668 | D:15     | Found a transporter.
 20680 | D:15     | XOM: silly message
 20729 | D:15     | XOM: fog
 20737 | D:15     | Reached XP level 17. HP: 121/121 MP: 25/25
 20738 | D:15     | Noticed Agnes
 20754 | D:15     | XOM: 2-stop teleportation journey
 20850 | D:15     | XOM: divination: detect creatures
 20856 | D:15     | XOM: confuse monster(s)
 20857 | D:15     | Killed Agnes
 21281 | D:15     | XOM: noise
 21704 | Spider:1 | Entered Level 1 of the Spider Nest
 21778 | Spider:1 | XOM: 1-stop teleportation journey
 21809 | Spider:1 | XOM: 1-stop teleportation journey
 21815 | Spider:1 | XOM: silly message
 21915 | Spider:1 | XOM: scenery: summon butterflies
 21924 | Spider:1 | XOM: confusion
 21957 | Spider:1 | XOM: fake destruction
 21959 | Spider:1 | XOM: summons friendly white imp
 21967 | Spider:1 | XOM: confusion (+ monsters)
 22004 | Spider:1 | XOM: fog
 22007 | Spider:1 | XOM: noise
 22052 | Spider:1 | XOM: divination: magic mapping
 22056 | Spider:1 | XOM: confusion (+ monsters)
 22059 | Spider:1 | XOM: enchant monster (bad)
 22209 | Spider:1 | Acquired the Lessons on Fetching Combat Magic
 22217 | Spider:1 | Reached skill level 15 in Axes
 22303 | Spider:1 | XOM: potion effect (experience)
 22303 | Spider:1 | Reached XP level 18. HP: 104/128 MP: 26/26
 22962 | Spider:2 | XOM: polymorph tarantella -> orb spider
 22974 | Spider:2 | XOM: cast spell 'Leda's Liquefaction'
 22977 | Spider:2 | XOM: enchant monster (bad)
 23002 | Spider:2 | XOM: blink monster(s)
 23113 | Spider:2 | XOM: divine lightning
 23433 | Spider:3 | Identified the +2 ring mail "Yssitugo" {rElec rC+}
 23440 | Spider:3 | XOM: swap monsters
 23623 | Spider:3 | XOM: 5-stop teleportation journey
 23773 | Spider:3 | XOM: blink monster(s)
 23876 | Spider:3 | XOM: enchant monster (bad)
 23884 | Spider:3 | Reached skill level 16 in Axes
 23937 | Spider:3 | XOM: swap monsters
 24040 | Spider:3 | XOM: noise
 24042 | Spider:4 | Entered Level 4 of the Spider Nest
 24074 | Spider:4 | Reached XP level 19. HP: 135/135 MP: 27/27
 24159 | Spider:4 | XOM: noise
 24265 | Spider:4 | XOM: potion effect (attraction)
 24373 | Spider:4 | XOM: enchant monster (bad)
 24799 | Spider:4 | Got a gossamer rune of Zot
 24872 | Spider:4 | XOM: noise
 24894 | Spider:4 | XOM: divination: detect items
 25037 | Spider:4 | XOM: noise
 25040 | Spider:4 | XOM: potion effect (brilliance)
 25114 | Spider:4 | XOM: confuse monster(s)
 25178 | Spider:4 | XOM: silly message
 25463 | D:8      | XOM: silly message
 25602 | Vaults:1 | Entered Level 1 of the Vaults
 25622 | Vaults:1 | Acquired 294 gold pieces
 25624 | Vaults:1 | Found Goerr's Assorted Antiques.
 25715 | Vaults:1 | XOM: blink monster(s)
 25717 | Vaults:1 | XOM: potion effect (brilliance)
 25730 | Vaults:1 | XOM: noise
 25737 | Vaults:1 | XOM: summons friendly white imp
 25760 | Vaults:1 | HP: 6/136 [orc knight/+0 broad axe (16)]
 25762 | Vaults:1 | HP: 2/136 [orc knight/+0 broad axe (29)]
 25763 | Vaults:1 | XOM: divination: detect creatures
 25768 | Vaults:1 | XOM: divination: magic mapping
 25831 | Vaults:1 | Found a crumbling gateway.
 25865 | Desolati | Entered the Desolation of Salt
 25873 | Desolati | Reached skill level 17 in Axes
 26022 | Desolati | XOM: 1-stop teleportation journey
 26038 | Desolati | XOM: summons friendly iron imp
 26039 | Desolati | XOM: destruction
 26086 | Desolati | XOM: confusion (+ monsters)
 26145 | Desolati | Identified the +0 sling "Dyekhlaor" {drain, rF+ SInv}
 26145 | Desolati | Identified the +2 dagger of Laceration {speed, Fly}
 26187 | Desolati | XOM: god gift: war axe {god gift}
 26208 | Desolati | XOM: 1-stop teleportation journey
 26219 | Desolati | XOM: destruction
 26387 | Desolati | XOM: scenery: summon butterflies
 26405 | Desolati | Identified the +6 dagger of the Voracious God {flame, Will+
                  | Str+2}
 26409 | Desolati | Identified the +7 scale mail of the Sun {rC+ Regen+ MP+9}
 26410 | Desolati | Identified the +1 chain mail "Xayvvy" {Regen+ rCorr Int-5}
 26466 | Desolati | Found the amulet of the Four Winds {rN+ Will+++ Clar}
 26506 | Desolati | Identified the ring "Irehasud" {Dex+6 Stlth+}
 26557 | Desolati | Identified the ring of Egieban {rElec rPois}
 26683 | Desolati | XOM: divination: magic mapping
 26690 | Desolati | XOM: smoke on damage
 26706 | Desolati | Identified the ring "Mackoreang" {rPois Will+ Str+2}
 26707 | Desolati | Identified the amulet "Soloybb" {Regen+ MP+9 Str+3}
 26727 | Desolati | Identified the +0 robe of Experimentation {Str+3 Dex+3}
 26734 | Desolati | XOM: give mutations
 26734 | Desolati | Lost mutation: You are very agile. (Dex +8, Str/Int -2)
                  | [Xom's mischief]
 26734 | Desolati | Gained mutation: You are often teleported next to monsters.
                  | [Xom's mischief]
 26734 | Desolati | Lost mutation: You are frail. (-10% HP) [Xom's mischief]
 26738 | Desolati | XOM: enchant monster (good)
 26748 | Desolati | Identified the +1 flail "Paoc" {heavy, ^Fragile Str+6}
 26768 | Desolati | Identified the ring of Uwoloz {Ice Str+5 Int+3 Dex-2}
 26800 | Desolati | XOM: cast spell 'Iskenderun's Battlesphere'
 26835 | Desolati | Reached XP level 20. HP: 128/160 MP: 28/28
 26910 | Desolati | XOM: 1-stop teleportation journey
 26957 | Desolati | XOM: cleaving
 27078 | Vaults:1 | Found Naasi's Distillery.
 27079 | Vaults:1 | Found Tidaot's Jewellery Boutique.
 27081 | Vaults:1 | Found Anwaapas's Distillery.
 27105 | Vaults:1 | XOM: summons 6 friendly demons
 27134 | Vaults:1 | Bought a potion of might for 88 gold pieces
 27134 | Vaults:1 | Bought a potion of resistance for 220 gold pieces
 27134 | Vaults:1 | Bought a potion of resistance for 220 gold pieces
 27134 | Vaults:1 | Bought a potion of heal wounds for 110 gold pieces
 27142 | Vaults:1 | Bought a potion of heal wounds for 95 gold pieces
 27142 | Vaults:1 | Bought a potion of might for 76 gold pieces
 27142 | Vaults:1 | Bought a potion of mutation for 152 gold pieces
 27206 | Vaults:1 | Reached skill level 15 in Evocations
 27342 | Vaults:1 | XOM: 1-stop teleportation journey
 27387 | Vaults:1 | XOM: give mutation
 27387 | Vaults:1 | Gained mutation: You are mostly covered in iridescent
                  | scales. (AC +4) [Xom's grace]
 27511 | Vaults:1 | XOM: summons friendly quasit
 27547 | Vaults:1 | XOM: potion effect (attraction)
 27595 | Vaults:1 | Reached skill level 18 in Axes
 27626 | Vaults:1 | Identified the staff of the Final Decision {rElec rPois
                  | Will+ rCorr Alchemy}
 28099 | Vaults:1 | Reached skill level 15 in Fighting
 28275 | Vaults:1 | XOM: cloud trail
 28327 | Vaults:1 | XOM: god gift: 889 gold pieces
 28378 | Vaults:2 | XOM: god gift: potion of brilliance
 28434 | Vaults:2 | Noticed Asterion
 28440 | Vaults:2 | Killed Asterion
 28451 | Vaults:2 | Found Neops's Weapon Shoppe.
 28495 | Vaults:2 | XOM: confuse monster(s)
 28821 | Vaults:2 | XOM: confuse monster(s)
 28888 | Vaults:2 | XOM: potion effect (berserk rage)
 29234 | Vaults:2 | Noticed a bone dragon
 29278 | Vaults:2 | Killed a bone dragon
 29311 | Vaults:2 | Found a staircase to the Crypt.
 29346 | Vaults:2 | XOM: potion effect (might)
 29411 | Vaults:2 | XOM: divination: magic mapping
 29678 | Vaults:2 | Noticed Margery
 29684 | Vaults:2 | XOM: potion effect (brilliance)
 29696 | Vaults:2 | XOM: potion effect (might)
 29703 | Vaults:2 | XOM: potion effect (heal wounds)
 29830 | Vaults:2 | XOM: give mutations
 29830 | Vaults:2 | Lost mutation: You are highly strong-willed. (Will++)
                  | [Xom's mischief]
 29830 | Vaults:2 | Gained mutation: You are very agile. (Dex +8, Str/Int -2)
                  | [Xom's mischief]
 29830 | Vaults:2 | Lost mutation: You are very agile. (Dex +8, Str/Int -2)
                  | [Xom's mischief]
 29983 | Elf:1    | XOM: stealth player
 29983 | Elf:1    | Entered Level 1 of the Elven Halls
 30007 | Elf:1    | Found a radiant altar of Vehumet.
 30045 | Elf:1    | Found Onaj's Assorted Antiques.
 30045 | Elf:1    | XOM: 3-stop teleportation journey
 30053 | Elf:1    | XOM: 3-stop teleportation journey
 30134 | Elf:1    | XOM: scenery: 3 doors open, 1 doors close
 30145 | Elf:1    | Bought a potion of curing for 120 gold pieces
 30192 | Elf:1    | XOM: cast spell 'Summon Ice Beast'
 30210 | Elf:1    | Got the Vellum of Profane Spells
 30385 | Elf:1    | Noticed Zenata
 30386 | Elf:1    | XOM: enchant monster (good)
 30397 | Elf:1    | Killed Zenata
 30591 | Elf:1    | Reached skill level 19 in Axes
 30967 | Elf:1    | XOM: noise
 31224 | Elf:2    | XOM: cleaving
 31256 | Elf:2    | HP: 8/163 [+1 bardiche of freezing (15)]
 31258 | Elf:2    | XOM: polymorph deep elf zephyrmancer -> death yak
 31261 | Elf:2    | XOM: confuse monster(s)
 31271 | Elf:2    | XOM: divination: detect items
 31288 | Elf:2    | Reached XP level 21. HP: 112/169 MP: 31/31
 31527 | Elf:2    | Identified the +8 long sword of the Old World {freeze,
                  | +Blink rElec rC+ MP+9}
 31837 | Elf:2    | Found a runed translucent gate.
 31838 | Elf:2    | Found a runed translucent gate.
 31838 | Elf:2    | Found a runed translucent gate.
 31915 | Elf:2    | XOM: divination: detect creatures
 32160 | Elf:3    | Entered Level 3 of the Elven Halls
 32165 | Elf:3    | XOM: 5-stop teleportation journey
 32166 | Elf:3    | Upgraded the game from 0.32-a0-976-g7161d331b1 to
                  | 0.32-a0-984-gb8cfe57ea9
 32197 | Elf:3    | XOM: divination: detect items
 32384 | Elf:3    | XOM: cast spell 'Summon Hydra'
 32422 | Elf:3    | Found Eceoxaj's Antique Weapon Shop.
 32434 | Elf:3    | Upgraded the game from 0.32-a0-984-gb8cfe57ea9 to
                  | 0.32-a0-994-gabb26cbae4
 32504 | Elf:3    | HP: 7/170 [Executioner[a deep elf demonologist] (15)]
 32505 | Elf:3    | Slain by an Executioner

Illustrated notes

Levels and vault maps discovered:
D:1:      psy_arrival_basics, layout_loops_cross, skrybe_limestone_x
D:2:      layout_basic, basic_altar
D:3:      layout_basic, mainiacjoe_overflow_alcove_2, serial_shops,
          nicolae_square_shop, glass_columns_b, uniq_crazy_yiuf_cottage
D:4:      layout_gridville, grunt_temple_overflow_open, temple_pool_b,
          serial_shops, kennysheep_mini, shop, shop, shop,
          nicolae_shop_statue_plus, uniq_sigmund
D:5:      layout_cave_pools, hangedman_decor_push
D:6:      layout_rooms, gup_sewer_entry_pipe, uniq_prince_ribbit1
D:7:      layout_rooms, mainiacjoe_overflow_catwalk, kennysheep_orc_sif_temple,
          nzn_ghost_randoct, nicolae_twisty_statue_hallways
D:8:      layout_cave_pools, mainiacjoe_overflow_concentric_impassable,
          due_lair_maze_entry_diamond, serial_rivers,
          chequers_serial_rivers_micro_b, chequers_serial_rivers_large_b,
          chequers_serial_rivers_micro_b, chequers_serial_rivers_marsh,
          uniq_joseph
D:9:      layout_basic, mainiacjoe_overflow_surrounded_room
D:10:     layout_roguey, serial_undead, serial_undead_f, serial_undead_e,
          serial_undead_c, serial_undead_f, nicolae_where_there's_smoke,
          uniq_erica
D:11:     layout_cave_pools, lightli_corner_chamber
D:12:     layout_irregular_city, orc_0_dummy, portal_ice_cave_entry_imps,
          uniq_kirke, uniq_josephine, uniq_maurice
D:13:     layout_basic, tso_metal_star
D:14:     layout_roguey, hangedman_vaults_entry_quadrant_bands, serial_curves,
          eino_curves_03, eino_curves_02, eino_curves_01
D:15:     grunt_enter_depths_giant_problem, layout_basic, serial_curves,
          eino_curves_01, eino_curves_04, gammafunk_ghost_stat_death, uniq_agnes
Lair:1:   layout_cave_pods, basic_altar, st_stairs_13
Lair:2:   layout_hall_layers, skrybe_swamp_entry_bodies, lemuel_fruit_fields,
          serial_bayou_shore_b, grunt_megastairs_4
Lair:3:   beast_lair_carwin_large_1, layout_loops_ring,
          spider_nest_entry_rubble, serial_forest, infiniplex_forest_zigzag_1,
          infiniplex_forest_end_double, infiniplex_forest_lined_3_way,
          infiniplex_forest_straight_3, infiniplex_forest_straight_5,
          infiniplex_forest_clump_tiny, gauntlet_entry_generic
Lair:4:   layout_gridlike, slime_entry_1, nicolae_volcano_entry_hallway,
          fungi_pond_lemuel, chequers_serial_rivers_micro_a, beast_lair_carwin_9
Lair:5:   grunt_lair_end_beastmaster, layout_regular_city, serial_bayou_pond_e
Spider:1: layout_spider_delve, guppyfry_spider_mini_3
Spider:2: layout_spider_delve, drop_trap
Spider:3: layout_spider_delve
Spider:4: grunt_spider_rune_parallel, nicolae_spider_baby_got_redback
Orc:1:    layout_caves, nicolae_shop_clearance
Orc:2:    st_orc_ogre_mass, layout_diamond_mine, serial_shops,
          nicolae_shop_rolling_square
Elf:1:    eino_elf_arrival_altar, layout_geoelf_grid, serial_shops,
          nicolae_shop_crystal, minmay_elf_necromancy, uniq_zenata
Elf:2:    nicolae_elf_blades_crystal_corner, layout_geoelf_diagonals
Elf:3:    minmay_elf_hall_spiked, layout_rooms, serial_shops,
          nicolae_shop_overgrown_old_shop
Vaults:1: portal_desolation_entry_nicolae_nacl, vaults_room_semicircle,
          nicolae_vaults_little_ls, nicolae_vaults_diamond_2,
          hangedman_vaults_cutoff, v_pattern_3, nicolae_vaults_network_square,
          nicolae_vaults_hallways_thing, st_octagons_2,
          nicolae_vaults_angled_halls, nicolae_vaults_ring_of_whatevers,
          nicolae_vaults_network_s, v_misc_16, v_misc_14,
          nicolae_vaults_surprise_closet, layout_vaults_ring, serial_shops,
          shop, nicolae_shop_real_fake_doors, nicolae_shop_getting_attention,
          shop
Vaults:2: nicolae_vaults_ellipses_ellipsis, minmay_crypt_entry_nasty_monster,
          vaults_room_stairs_pillars, nicolae_vaults_layer_cake_slice,
          v_rooms_2, hangedman_vaults_maws, nicolae_vaults_security_offices_1,
          nicolae_vaults_trapezoid_lopsided_3, nicolae_vaults_tetromino_L_1,
          layout_vaults_omnigrid, serial_shops, nicolae_shop_just_a_little_nook,
          uniq_margery, uniq_asterion

Skill      XL: |  1  2  3  4  5  6  7  8  9 10 11 12 13 14 15 16 17 18 19 20 21 |
---------------+----------------------------------------------------------------+-----
Dodging        | 2 3 4 5 6 7 8 9 10 11 12 | 12.0
Armour         | 3 4 5 7 8 9 10 11 12 | 12.3
Fighting       | 4 5 6 7 8 9 10 11 12 13 14 15 | 15.9
Maces & Flails | 4 |  4.8
Axes           | 1 3 5 6 7 9 10 11 12 14 15 16 17 19 | 19.6
Spellcasting   | 2 4 5 6 7 |  7.4
Hexes          | 3 4 5 |  5.8
Summonings     | 3 4 5 |  5.8
Shields        | 7 8 9 10 11 12 14 | 14.3
Evocations     | 5 8 12 13 14 15 | 15.2

Action                     |  1- 3 |  4- 6 |  7- 9 | 10-12 | 13-15 | 16-18 | 19-21 || total
---------------------------+-------+-------+-------+-------+-------+-------+-------++-------
  Melee: Mace              |    95 |    79 |       |       |       |       |       ||   174
         Whip              |       |    61 |    42 |       |       |       |       ||   103
         Unarmed           |       |     2 |       |       |       |       |       ||     2
         Broad axe         |       |       |   241 |   597 |   703 |  1138 |  1597 ||  4276
         Morningstar       |       |       |       |       |    51 |    13 |       ||    64
  Throw: Dart              |       |     6 |       |       |       |       |       ||     6
  Evoke: Wand              |       |     4 |     4 |     5 |     3 |     7 |    17 ||    40
         Sack of spiders   |       |       |       |       |     1 |     1 |     3 ||     5
         Condenser vane    |       |       |       |       |     1 |     1 |       ||     2
         Lightning rod     |       |       |       |       |       |     2 |       ||     2
         Phial of floods   |       |       |       |       |       |       |     1 ||     1
    Use: Scroll            |     3 |     3 |     4 |    17 |    15 |     7 |    23 ||    72
         Potion            |       |     5 |     5 |     5 |     9 |     2 |    23 ||    49
   Stab: Confused          |       |     2 |       |     1 |     3 |     3 |    11 ||    20
         Petrified         |       |       |       |     4 |     4 |       |       ||     8
         Paralysed         |       |       |       |     6 |     3 |       |     4 ||    13
         Invisible         |       |       |       |       |    11 |    20 |     5 ||    36
         Sleeping          |       |       |       |       |    11 |    15 |    12 ||    38
         Distracted        |       |       |       |       |     3 |     1 |    10 ||    14
         Held in net/web   |       |       |       |       |       |       |     1 ||     1
 Armour: Leather armour    |    64 |   100 |    54 |       |       |       |       ||   218
         Skin              |       |     1 |       |       |       |       |       ||     1
         Acid dragon scale |       |       |    59 |       |   266 |   583 |   735 ||  1643
         Scale mail        |       |       |   109 |   641 |   202 |       |       ||   952
         Ring mail         |       |       |    40 |       |       |       |       ||    40
  Dodge: Dodged            |    61 |    87 |   238 |   564 |   313 |   550 |   529 ||  2342
         Repelled          |       |       |     4 |    25 |    15 |       |       ||    44
  Block: Tower shield      |       |       |       |    11 |  1393 |  2157 |  2168 ||  5729
         Reflection        |       |       |       |       |    23 |    47 |    11 ||    81

Table legend: (Time is in decaauts)
 A = Elapsed time spent in this place.
 B = Non-inter-level travel time spent in this place.
 C = Inter-level travel time spent in this place.
 D = Time resting spent in this place.
 E = Time spent auto-exploring this place.
 F = Levels seen in this place.
 G = Mean time per level.
                   A        B        C        D        E       F      G
               +--------+--------+--------+--------+--------+-----+--------+
         Total |  33061 |  30768 |   2293 |   2588 |  17859 |  36 |  918.4 |
       Dungeon |  14115 |  12672 |   1443 |   1186 |   8119 |  15 |  941.0 |
          Lair |   5207 |   4724 |    483 |     67 |   3047 |   5 | 1041.4 |
   Spider Nest |   3675 |   3587 |     88 |    416 |   1620 |   4 |  918.8 |
  Orcish Mines |   1171 |   1067 |    104 |     72 |    769 |   2 |  585.5 |
   Elven Halls |   2470 |   2366 |    104 |    125 |   1469 |   3 |  823.3 |
        Vaults |   3020 |   2951 |     69 |    206 |   1826 |   2 | 1510.0 |
         Sewer |    409 |    409 |      0 |      0 |    261 |   1 |  409.0 |
      Ice Cave |    923 |    923 |      0 |    208 |    320 |   1 |  923.0 |
       Volcano |    284 |    284 |      0 |      0 |     55 |   1 |  284.0 |
    Desolation |   1170 |   1170 |      0 |    178 |    177 |   1 | 1170.0 |
      Gauntlet |    613 |    613 |      0 |    130 |    194 |   1 |  613.0 |
               +--------+--------+--------+--------+--------+-----+--------+

Top non-repeatable levels by time:
     D:4: 1750 daAuts
Vaults:1: 1529 daAuts
Vaults:2: 1490 daAuts
Spider:4: 1312 daAuts
    D:12: 1298 daAuts
    D:15: 1233 daAuts
Desolation: 1170 daAuts
   Elf:1: 1146 daAuts
  Lair:1: 1137 daAuts
     D:9: 1126 daAuts
  Lair:5: 1111 daAuts
  Lair:3: 1066 daAuts
     D:8: 1046 daAuts
   Elf:2: 984 daAuts
  Lair:4: 947 daAuts
